 Dungeon Sprint DCSS version 0.18.1-48-g4cf74bf (webtiles) character file.

12045 saintsgambit the Stickfighter (level 11, -6/111 HPs)
             Began as a Minotaur Gladiator on July 4, 2016.
             Was the Champion of the Shining One.
             Killed from afar by a deep elf mage (22 damage)
             ... with a bolt of lightning
             ... in the Dungeon (Sprint V: "Ziggurat Sprint").
             The game lasted 00:08:18 (1279 turns).

saintsgambit the Stickfighter (Minotaur Gladiator)  Turns: 1279, Time: 00:08:19

Health: -6/111     AC: 27    Str: 28    XL:     11   Next: 57%
Magic:  5/17       EV: 12    Int:  6    God:    the Shining One [******]
Gold:   0          SH:  8    Dex: 17    Spells: 0 memorised, 10 levels left

rFire  + . .     SeeInvis .     m - +5 lajatang
rCold  + . .     Gourm    .     l - +5 gold dragon armour
rNeg   + + +     Faith    .     (shield currently unavailable)
rPois  +         Spirit   .     c - +0 hat
rElec  .         Dismiss  .     E - +2 cloak {MR+}
rCorr  .         Reflect  .     (no gloves)
SustAt .         Harm     .     (no boots)
MR     +....     NoTele   +     (no amulet)
Stlth  ..........               n - +6 ring of dexterity
                                r - +6 ring of strength

@: divine shield, glowing, somewhat resistant to hostile enchantments, extremely
unstealthy
A: retaliatory headbutt, horns 2
a: Divine Shield, Cleansing Flame, Summon Divine Warrior, Brand Weapon With Holy
Wrath, Renounce Religion


You were in the Dungeon.
You worshipped the Shining One.
The Shining One was exalted by your worship.
You were not hungry.

You visited 1 branch

Inventory:

Hand Weapons
 m - a +5 lajatang (weapon)
Missiles
 d - 3 throwing nets (quivered)
Armour
 c - a +0 hat (worn)
 l - a +5 gold dragon armour (worn)
 E - a +2 cloak of magic resistance (worn)
Jewellery
 a - the ring "Higu" {EV+3 Int+2}
   (You found it in the Dungeon)

   [ring of evasion]

   It affects your evasion (+3).
   It affects your intelligence (+2).
 n - a +6 ring of dexterity (right hand)
 r - a +6 ring of strength (left hand)
 F - the ring of the King {Ice *Corrode rPois Int+7}
   (You found it in the Dungeon)

   [ring of ice]

   It enhances your ice magic, and weakens your fire magic.
   It affects your intelligence (+7).
   It makes you vulnerable to fire.
   It protects you from cold.
   It protects you from poison.
   It may corrode you when you take damage.
 J - the ring "Coapay" {rElec rF+ rC+ MR+ Dex-2}
   (You found it in the Dungeon)

   [ring of protection from magic]

   It affects your dexterity (-2).
   It protects you from fire.
   It protects you from cold.
   It insulates you from electricity.
   It affects your resistance to hostile enchantments.
Scrolls
 k - 4 scrolls of blinking
 v - 4 scrolls of amnesia
 w - 3 scrolls of recharging
 x - 7 scrolls of fog
 y - a scroll of holy word
 z - 5 scrolls of identify
 A - 5 scrolls of remove curse
 B - 2 scrolls of fear
Potions
 b - 3 potions of flight {unknown}
 e - 11 potions of curing
 g - 10 potions of heal wounds
 h - 6 potions of haste
 i - 7 potions of magic
 j - 3 potions of berserk rage
 o - 2 potions of brilliance
 p - 2 potions of invisibility
 q - 4 potions of resistance
 s - a potion of experience
 t - 6 potions of agility
 u - 5 potions of might
Comestibles
 f - 4 bread rations
 C - 42 fruits
 D - 4 meat rations


   Skills:
 + Level 14.5 Fighting
 + Level 20.7 Staves
 + Level 6.2 Throwing
 + Level 12.0 Armour
 + Level 12.2 Dodging
 + Level 2.0 Stealth
 + Level 9.7 Invocations


You had 10 spell levels left.
You didn't know any spells.

Dungeon Overview and Level Annotations

Branches:
Dungeon (1/1)

Altars:
Ashenzari
Cheibriados
Dithmenos
Elyvilon
Fedhas
Gozag
Kikubaaqudgha
Makhleb
Nemelex Xobeh
Okawaru
Pakellas
Qazlal
Ru
Sif Muna
Trog
Vehumet
Xom
Yredelemnul
Zin
The Shining One
Beogh
Jiyva
Lugonu


Innate Abilities, Weirdness & Mutations

You reflexively headbutt those who attack you in melee.
You have a pair of horns on your head.


Message History

Your Armour skill increases to level 12!
The ice beast hits you but does no damage.
You slice the ice beast!!
You kill the ice beast!
The flail of holy wrath hits you.
You closely miss the flail of holy wrath.
Your headbutt misses the flail of holy wrath.
The flail of holy wrath is lightly damaged.
The hand axe of chopping hits you but does no damage.
The flail of holy wrath hits you.
You slash the flail of holy wrath!
The flail of holy wrath is moderately damaged.
The hand axe of chopping hits you but does no damage.
The deep elf mage casts a spell at you.
The bolt of lightning hits the flail of holy wrath.
The flail of holy wrath completely resists.
The bolt of lightning hits you!
* * * LOW HITPOINT WARNING * * *
The bolt of lightning hits you!
You die...

▓..)}))[).▓..}.=.)..▓..=)/
▓..)|)|:..▓..}}.[|..▓...}:
▓...e.....▓.........▓.....
▓..§......▓.........▓.....
▓..e......▓.........▓.....
▓...§§....▓.........▓.....
▓..§§.§.eY▓...\†....▓.▓...
▓.▓...§E▓(▓.▓.....▓.▓.....
▓.....eE(@▓.........▓▓▓▓▓▓
▓▓▓▓▓▓▓▓▓▓▓▓▓▓▓▓▓▓▓▓▓


You could see a deep elf archer, 3 deep elf magi, 2 fire elementals, an ice
beast and 2 dancing weapons.

Vanquished Creatures
  A deep elf blademaster (D)
  A tentacled starspawn (D)
  A thrashing horror (D)
  2 deep elf knights (D)
  A giant orange brain (D)
  An anubis guard (D)
  A black mamba (D)
  A hellion (D)
  4 rime drakes (D)
  A tormentor (D)
  A guardian mummy (D)
  An ushabti (D)
  Sigmund (D)
  2 shadows (D)
  2 flying skulls (D)
  2 air elementals (D)
  A wraith (D)
  2 spriggans (D)
  3 steam dragons (D)
  2 nagas (D)
  A mottled dragon (D)
  A water moccasin (D)
  A hell hound (D)
  3 swamp drakes (D)
  2 black bears (D)
  Blork the orc (D)
  A wight (D)
  2 crimson imps (D)
  2 quasits (D)
  8 starcursed masses (D)
  An iron imp (D)
  A jelly (D)
  Jessica (D)
  5 mummies (D)
  2 adders (D)
  An ooze (D)
  2 adder zombies (D)
  2 bat skeletons (D)
  A bat zombie (D)
  4 ball pythons (D)
  A ball python skeleton (D)
  A giant gecko zombie (D)
75 creatures vanquished.

Vanquished Creatures (others)
  A wyvern (D)
  2 starspawn tentacles (D)
  12 starspawn tentacle segments (D)
15 creatures vanquished.

Grand Total: 90 creatures vanquished

Notes
Turn   | Place    | Note
--------------------------------------------------------------
     0 | D        | saintsgambit the Minotaur Gladiator began the quest for the Orb.
     0 | D        | Reached XP level 1. HP: 18/18 MP: 0/0
     0 | D        | Found an iron altar of Okawaru.
     0 | D        | Found a burning altar of Makhleb.
     0 | D        | Found a radiant altar of Vehumet.
     0 | D        | Found a deep blue altar of Sif Muna.
     0 | D        | Found a shimmering altar of Xom.
     0 | D        | Found a bloodstained altar of Trog.
    15 | D        | Found a white marble altar of Elyvilon.
    15 | D        | Found a sparkling altar of Nemelex Xobeh.
    15 | D        | Found a corrupted altar of Lugonu.
    15 | D        | Found a roughly hewn altar of Beogh.
    15 | D        | Found a viscous altar of Jiyva.
    69 | D        | Became a worshipper of the Shining One
    90 | D        | Entered arena 1.
    90 | D        | Noticed a jelly
    92 | D        | Reached skill level 4 in Staves
    93 | D        | Killed a jelly
    93 | D        | Reached skill level 6 in Staves
    93 | D        | Reached skill level 5 in Dodging
    93 | D        | Reached XP level 2. HP: 26/26 MP: 1/1
    93 | D        | Reached XP level 3. HP: 31/31 MP: 2/2
    97 | D        | Entered arena 2.
    97 | D        | Noticed Sigmund
    97 | D        | Noticed Jessica
    97 | D        | Reached * piety under the Shining One
    97 | D        | Noticed Blork the orc
   100 | D        | Killed Jessica
   113 | D        | Killed Sigmund
   113 | D        | Reached skill level 5 in Fighting
   113 | D        | Reached skill level 9 in Staves
   113 | D        | Reached skill level 1 in Armour
   113 | D        | Reached XP level 4. HP: 21/42 MP: 3/3
   113 | D        | Reached XP level 5. HP: 24/48 MP: 4/4
   115 | D        | Killed Blork the orc
   115 | D        | Reached skill level 10 in Staves
   115 | D        | Reached XP level 6. HP: 29/56 MP: 5/5
   118 | D        | Got the ring "Higu" {EV+3 Int+2}
   133 | D        | Entered arena 3.
   133 | D        | Noticed a spriggan
   133 | D        | Reached ** piety under the Shining One
   133 | D        | Noticed a spriggan
   138 | D        | Reached skill level 11 in Staves
   141 | D        | Killed a spriggan
   141 | D        | Reached skill level 10 in Dodging
   144 | D        | Killed a spriggan
   144 | D        | Reached skill level 12 in Staves
   144 | D        | Reached skill level 5 in Throwing
   144 | D        | Reached XP level 7. HP: 34/64 MP: 6/6
   153 | D        | Got the ring of the King {Ice *Corrode rPois Int+7}
   291 | D        | Entered arena 4.
   291 | D        | Reached *** piety under the Shining One
   295 | D        | Reached skill level 13 in Staves
   307 | D        | Entered arena 5.
   307 | D        | Noticed a rime drake
   307 | D        | Noticed a steam dragon
   307 | D        | Noticed a rime drake
   307 | D        | Noticed a steam dragon
   313 | D        | Killed a steam dragon
   313 | D        | Reached XP level 8. HP: 41/73 MP: 3/7
   315 | D        | Killed a rime drake
   315 | D        | Reached skill level 14 in Staves
   318 | D        | Reached skill level 5 in Armour
   324 | D        | Killed a rime drake
   324 | D        | Reached skill level 15 in Staves
   468 | D        | Entered arena 6.
   468 | D        | Noticed a black mamba
   468 | D        | Reached **** piety under the Shining One
   473 | D        | Killed a black mamba
   473 | D        | Reached skill level 1 in Stealth
   473 | D        | Reached skill level 1 in Invocations
   473 | D        | Reached XP level 9. HP: 75/84 MP: 4/8
   488 | D        | Entered arena 7.
   488 | D        | Reached ***** piety under the Shining One
   496 | D        | Reached ****** piety under the Shining One
   508 | D        | Entered arena 8.
   508 | D        | Noticed a rime drake
   508 | D        | Noticed a rime drake
   513 | D        | Reached skill level 10 in Fighting
   513 | D        | Reached skill level 16 in Staves
   516 | D        | Killed a rime drake
   526 | D        | Killed a rime drake
   611 | D        | Entered arena 9.
   611 | D        | Noticed a tentacled starspawn
   611 | D        | Noticed a starcursed mass
   611 | D        | Noticed a thrashing horror
   611 | D        | Noticed a giant orange brain
   614 | D        | Reached skill level 17 in Staves
   616 | D        | Paralysed by accursed screaming for 1 turns
   620 | D        | Killed a tentacled starspawn
   620 | D        | Reached skill level 18 in Staves
   620 | D        | Reached XP level 10. HP: 83/97 MP: 7/11
   621 | D        | Paralysed by accursed screaming for 1 turns
   623 | D        | Killed a thrashing horror
   625 | D        | Killed a giant orange brain
   625 | D        | Reached skill level 19 in Staves
   641 | D        | Killed a starcursed mass
   913 | D        | Entered arena 10.
   913 | D        | Noticed an anubis guard
   923 | D        | Reached skill level 5 in Invocations
   932 | D        | Killed an anubis guard
   932 | D        | Reached skill level 10 in Armour
  1079 | D        | Entered arena 11.
  1085 | D        | Reached XP level 11. HP: 64/107 MP: 12/14
  1087 | D        | Reached skill level 20 in Staves
  1106 | D        | Got the ring "Coapay" {rElec rF+ rC+ MR+ Dex-2}
  1108 | D        | Got the ring of Ewuoful {rF+ MP+9 Dex-4 Slay+4 SInv}
  1248 | D        | Entered arena 12.
  1248 | D        | Noticed a flail of holy wrath
  1248 | D        | Noticed a deep elf mage
  1248 | D        | Noticed a deep elf mage
  1248 | D        | Noticed a deep elf knight
  1248 | D        | Noticed a deep elf blademaster
  1249 | D        | Noticed a deep elf knight
  1249 | D        | Noticed a deep elf mage
  1249 | D        | Noticed a hand axe of chopping
  1249 | D        | Noticed a deep elf archer
  1264 | D        | Killed a deep elf knight
  1274 | D        | Killed a deep elf blademaster
  1276 | D        | Killed a deep elf knight
  1279 | D        | Killed from afar by a deep elf mage

Skill      XL: |  1  2  3  4  5  6  7  8  9 10 11 |
---------------+----------------------------------+-----
Staves         | 6 9 10 12 13 15 18 19 20 | 20.7
Dodging        | 5 8 10 11 12 | 12.2
Fighting       | 3 5 6 7 9 12 13 14 | 14.5
Throwing       | 4 5 6 |  6.2
Armour         | 1 3 6 8 10 12 | 12.0
Stealth        | 1 2 |  2.0
Invocations    | 1 3 5 9 |  9.7

Action                   |  1- 3 |  4- 6 |  7- 9 | 10-12 || total
-------------------------+-------+-------+-------+-------++-------
Melee: Lajatang          |     9 |    11 |    56 |    57 ||   133
       Headbutt          |     1 |     2 |    15 |    13 ||    31
Invok: Divine Shield     |       |       |     4 |     3 ||     7
       Cleansing Flame   |       |       |       |     7 ||     7
 Stab: Confused          |       |       |     1 |       ||     1
  Eat: Bread ration      |       |       |       |     1 ||     1
Armor: Gold dragon armou |    17 |    26 |    46 |    61 ||   150
Dodge: Dodged            |     5 |     7 |    33 |    43 ||    88
Block: Other             |       |       |    21 |    30 ||    51
